 Dungeon Crawl Stone Soup version 0.31-a0-981-geadf994542 (webtiles) character file.

Game seed: 1613340573784767782

20 Persephone the Slasher (level 2, -10/24 HPs)
             Began as a Merfolk Berserker on Nov 1, 2023.
             Was a Follower of Trog.
             Mangled by a worm (11 damage)
             ... on level 2 of the Dungeon.
             The game lasted 00:00:50 (891 turns).

Persephone the Slasher (Merfolk Berserker)           Turns: 891, Time: 00:00:51

Health: -10/24     AC:  2    Str: 17    XL:     2   Next: 79%
Magic:  2/2        EV: 12    Int:  6    God:    Trog [*.....]
Gold:   64         SH:  0    Dex: 13    Spells: 1/1 levels left

rFire   . . .        a - +0 falchion
rCold   . . .        (no shield)
rNeg    . . .        b - +0 animal skin
rPois   .            (no helmet)
rElec   .            (no cloak)
rCorr   .            (no gloves)
SInv    .            (no boots)
Will    .....        (no amulet)
Stlth   +            (no ring)
HPRegen 0.24/turn    (no ring)
MPRegen 0.08/turn

%: no passive effects
@: no status effects
A: (nimble swimmer 2), mertail
a: Renounce Religion, Berserk


You were on level 2 of the Dungeon.
You worshipped Trog.
Trog was aware of your devotion.
You visited 1 branch of the dungeon, and saw 2 of its levels.

You collected 64 gold pieces.

Inventory:

Hand Weapons
 a - a +0 falchion (weapon)
Armour
 b - a +0 animal skin (worn)
Scrolls
 c - a scroll of revelation {unknown}
 g - 2 scrolls of identify {unknown}
 i - a scroll of brand weapon {unknown}
Potions
 d - a potion of haste {unknown}
 e - a potion of might {unknown}
 f - a potion of curing {unknown}


   Skills:
 - Level 3.2 Fighting
 + Level 4.8 Long Blades
 - Level 1.3 Armour
 - Level 2.6 Dodging


You had one spell level left.
You didn't know any spells.
Your spell library was empty.

Dungeon Overview and Level Annotations

Branches:
Dungeon (2/15)

Altars:

Shops:
D:2 *


Innate Abilities, Weirdness & Mutations

((You are very nimble when in or above water. (Stealth+, EV+, Speed+++)))
Your lower body shifts to a powerful aquatic tail in water.


Message History

The sling bullet hits you.
You throw a poisoned dart.
The poisoned dart barely misses the goblin.
The goblin shoots a sling bullet.
The sling bullet closely misses you.
You throw a poisoned dart. The poisoned dart misses the goblin.
A hobgoblin comes into view.
You hit the goblin.
You kill the goblin!
Trog accepts your kill.
The goblin shoots a sling bullet.
The sling bullet misses you.
The goblin unwields a +0 sling.
The goblin wields a +0 dagger.
The goblin closely misses you.
You see here a +0 club.
You hit the goblin.
The goblin is moderately wounded.
You miss the goblin.
The goblin is moderately wounded.
The goblin hits you with a +0 dagger.
You are too injured to fight recklessly!
You are too injured to fight recklessly!
You slash the goblin!
You kill the goblin!
Trog accepts your kill.
You hit the hobgoblin but do no damage. The hobgoblin hits you.
You hit the hobgoblin.
You kill the hobgoblin!
Trog accepts your kill. The worm bites you!
* * * LOW HITPOINT WARNING * * *
You see here a hobgoblin corpse.
You hit the worm.
The worm is moderately wounded.
The worm bites you.
* * * LOW HITPOINT WARNING * * *
You slash the worm!
The worm is severely wounded.
You hit the worm.
The worm is almost dead.
The worm bites you!
You die...

### #.. #(### . .>(.
.( #.. .# .... #.# .#
# ...[###@####.#.#
#...#......w))......
#...####.........##.
#...# #.........#
#...# #.........#
#...# #.........#
#...# ##.........#
##...###..........#
####........##########


You could see a worm.

Vanquished Creatures
  3 bats (D:1)
  An endoplasm (D:1)
  A giant cockroach (D:2)
  4 goblins
  A hobgoblin (D:2)
  3 kobolds
  A ball python (D:1)
  3 frilled lizards (D:1)
  2 rats (D:1)
19 creatures vanquished.

Notes
Turn   | Place    | Note
-------+----------+-------------------------------------------
     0 | D:1      | Persephone the Merfolk Berserker began the quest for the
                  | Orb.
     0 | D:1      | Reached XP level 1. HP: 18/18 MP: 1/1
   200 | D:1      | Reached skill level 4 in Long Blades
   313 | D:1      | Reached XP level 2. HP: 24/24 MP: 2/2
   793 | D:2      | Found Veprev's General Store.
   889 | D:2      | HP: 1/24 [worm (6)]
   891 | D:2      | Mangled by a worm

Illustrated notes

Levels and vault maps discovered:
D:1:      dpeg_arrival_leaves_temple_mockup, layout_basic
D:2:      layout_basic, serial_shops, shop, nicolae_shop_dealshenge, shop, shop,
          shop_fountains, minmay_misc_feat_columns, uniq_natasha

Skill      XL: |  1 |
---------------+----+-----
Long Blades    | 4 |  4.8
Fighting       | |  3.2
Armour         | |  1.3
Dodging        | |  2.6

Action                     || total
---------------------------++-------
  Melee: Falchion          ||    43
  Throw: Dart              ||    18
   Stab: Sleeping          ||     3
 Armour: Animal skin       ||    21
  Dodge: Dodged            ||    28

Table legend: (Time is in decaauts)
 A = Elapsed time spent in this place.
 B = Non-inter-level travel time spent in this place.
 C = Inter-level travel time spent in this place.
 D = Time resting spent in this place.
 E = Time spent auto-exploring this place.
 F = Levels seen in this place.
 G = Mean time per level.
                   A        B        C        D        E       F      G
               +--------+--------+--------+--------+--------+-----+--------+
         Total |    894 |    861 |     33 |      0 |    743 |   2 |  447.0 |
       Dungeon |    894 |    861 |     33 |      0 |    743 |   2 |  447.0 |
               +--------+--------+--------+--------+--------+-----+--------+

Top non-repeatable levels by time:
     D:1: 767 daAuts
     D:2: 127 daAuts
